 Dungeon Crawl Stone Soup version 0.29.1-15-g9cfb28693d (webtiles) character file.

Game seed: 5297477676520237703

65093 GigaChad the Severer (level 14, -3/137 HPs)
             Began as a Minotaur Fighter on Feb 10, 2023.
             Was a High Priest of the Shining One.
             Slain by a raiju (8 damage)
             ... on level 2 of the Abyss on Mar 9, 2023.
             The game lasted 00:53:02 (17294 turns).

GigaChad the Severer (Minotaur Fighter)            Turns: 17294, Time: 00:53:02

Health: -3/137     AC: 24    Str: 38    XL:     14   Next: 74%
Magic:  0/15       EV: 12    Int:  5    God:    the Shining One [*****.]
Gold:   893        SH:  8    Dex: 10    Spells: 16/16 levels left

rFire   + . .      SeeInvis +   a - +0 war axe (flame)
rCold   . . .      Faith    .   c - +1 buckler
rNeg    + + +      Spirit   +   g - +2 plate armour
rPois   .          Reflect  .   x - +1 hat of the Planets {rN+ Regen+}
rElec   .          Harm     .   z - +1 cloak
rCorr   .          Rampage  .   (no gloves)
Will    +....                   G - +2 pair of boots {Stlth+}
Stlth   ..........              I - amulet of guardian spirit
HPRegen 1.12/turn               n - +6 ring of strength
MPRegen 0.14/turn               B - ring "Ruih" {rF+ Str+6 SInv}

@: lethally poisoned (-3 -> -4), slowed, glowing, very slow
A: horns 2, retaliatory headbutt
a: Renounce Religion, Divine Shield, Cleansing Flame, Summon Divine Warrior


You were on level 2 of the Abyss.
You worshipped the Shining One.
The Shining One was extremely pleased with you.
You visited 4 branches of the dungeon, and saw 18 of its levels.
You visited the Abyss 1 time.
You also visited: Bailey.

You collected 1401 gold pieces.
You spent 508 gold pieces at shops.

Inventory:

Hand Weapons
 a - a +0 war axe of flaming (weapon)
 i - a +0 bardiche
 t - a +2 war axe of draining
 D - a +0 dire flail
 H - a +0 battleaxe
 Y - a +5 broad axe
Missiles
 y - 4 javelins (quivered)
 W - 3 silver boomerangs
Armour
 b - a +0 scale mail
 c - a +1 buckler (worn)
 g - a +2 plate armour (worn)
 o - a +2 chain mail of cold resistance
 x - the +1 hat of the Planets (worn) {rN+ Regen+}
   (You acquired it on level 8 of the Dungeon)

   rN:        It protects you from negative energy.
   Regen:     It increases your rate of health regeneration.
 z - a +1 cloak (worn)
 G - a +2 pair of boots of stealth (worn)
 U - the +3 chain mail "Doimunes" {rPois rF- rC+++ Slay+2}
   (You took it off a kobold on level 9 of the Dungeon)

   Slay:      It affects your accuracy & damage with ranged weapons and melee
   (+2).
   rF:        It makes you vulnerable to fire.
   rC:        It renders you almost immune to cold.
   rPois:     It protects you from poison.
Jewellery
 h - a ring of flight
 n - a +6 ring of strength (left hand)
 A - a +4 ring of protection
 B - the ring "Ruih" (right hand) {rF+ Str+6 SInv}
   (You found it on level 5 of the Dungeon)

   [ring of strength]

   Str:       It affects your strength (+6).
   rF:        It protects you from fire.
   SInv:      It lets you see invisible.
 C - a +6 ring of dexterity
 I - an amulet of guardian spirit (around neck)
 M - a +6 ring of strength
 O - a +4 ring of evasion
Wands
 u - a wand of charming (16)
 E - a wand of mindburst (6)
 P - a wand of digging (5)
 S - a wand of iceblast (2)
Scrolls
 e - 5 scrolls of vulnerability
 f - a scroll of fear
 j - 3 scrolls of teleportation
 m - 6 scrolls of immolation
 q - a scroll of brand weapon
 s - 2 scrolls of amnesia {unknown}
 F - 3 scrolls of summoning
 K - a scroll of poison
 T - 3 scrolls of magic mapping
 X - 3 scrolls of fog
Potions
 d - 3 potions of might
 k - 4 potions of magic
 l - 5 potions of resistance
 p - 4 potions of brilliance
 r - 2 potions of attraction {unknown}
 v - 3 potions of haste {unknown}
 w - 4 potions of flight
 J - 2 potions of berserk rage {unknown}
 L - 3 potions of heal wounds
 N - 10 potions of curing
 Q - a potion of lignification {unknown}
 R - 2 potions of mutation {unknown}
 V - a potion of cancellation {unknown}
Miscellaneous
 Z - a tin of tremorstones (2/2)


   Skills:
 * Level 16.2 Fighting
 * Level 16.5 Axes
 + Level 11.9 Armour
 * Level 11.6 Dodging
 * Level 13.0 Shields
 - Level 1.6 Spellcasting
 * Level 1.1 Invocations


You had 16 spell levels left.
You didn't know any spells.
Your spell library contained the following spells:

 Spells                   Type           Power      Damage    Failure   Level
 Apportation              Tloc           0%         N/A       94%         1
 Necrotise                Necr           0%         1d4       94%         1
 Sandblast                Erth           0%         2d4       94%         1
 Summon Small Mammal      Summ           0%         N/A       94%         1
 Ensorcelled Hibernation  Hex/Ice        0%         N/A       98%         2
 Passwall                 Tmut/Erth      0%         N/A       98%         2
 Stone Arrow              Conj/Erth      0%         3d7       100%        3
 Swiftness                Air            0%         N/A       100%        3
 Airstrike                Air            0%         2d(0-16)  100%        4
 Corpse Rot               Necr/Pois/Air  0%         N/A       100%        4
 Iskenderun's Mystic Bla  Conj/Tloc      0%         2d3       100%        4
 Summon Lightning Spire   Summ/Air       0%         N/A       100%        4
 Blade Hands              Tmut           0%         N/A       100%        5
 Irradiate                Conj/Tmut      0%         3d11      100%        5
 Lightning Bolt           Conj/Air       0%         1d11      100%        5
 Simulacrum               Ice/Necr       0%         N/A       100%        6
 Dragon Form              Tmut           0%         N/A       100%        7


Dungeon Overview and Level Annotations

Branches:
Dungeon (10/15)            Temple (1/1) D:5            Lair (5/5) D:10
  Swamp (0/4) Lair:3       Spider (0/4) Lair:3        Slime (0/5) Lair:5
    Orc (2/2) D:10            Elf (0/3) Orc:2        Bailey (visited)

Altars:
Ashenzari
Cheibriados
Dithmenos
Elyvilon
Fedhas
Gozag
Hepliaklqana
Kikubaaqudgha
Makhleb
Nemelex Xobeh
Okawaru
Qazlal
Ru
Sif Muna
Trog
Uskayaw
Vehumet
Wu Jian
Xom
Yredelemnul
Zin
The Shining One
Jiyva

Shops:
D:6 :   D:8 !   Orc:2 [[::

Portals:
Abyss: D:3

Annotations:
D:3 2 transporters, javelincjr's ghost, amateur DjCj
D:7 3 runed translucent doors, Barneous's ghost, novice HuWn; billybob123456's ghost, novice MiMo; bronco's ghost, novice KoAr


Innate Abilities, Weirdness & Mutations

You have a pair of horns on your head.
You reflexively headbutt those who attack you in melee.


Message History

The living lightning hits you!
The raiju blinks!
The raiju bites you but does no damage.
You feel very sick. You block the death drake's attack.
The raiju bites you but does no damage.
The raiju bursts into living lightning!
The living lightning misses you.
The raiju blinks!
The raiju bursts into living lightning!
The living lightning hits you!
* * * LOW HITPOINT WARNING * * *
The living lightning hits the raiju.
The raiju completely resists.
The raiju blinks!
The death drake bites you!
* * * LOW HITPOINT WARNING * * *
You hit the raiju but do no damage. You hit the death drake.
You burn the death drake. You slash the raiju! You burn the raiju.
You feel very sick. The death drake misses you. You furiously retaliate!
You headbutt the death drake! You block the raiju's attack.
The raiju bites you but does no damage.
You slice the raiju!! You burn the raiju. You headbutt the raiju!
You kill the raiju!
You barely miss the raiju. You hit the raiju. You burn the raiju.
You hit the death drake but do no damage.
You feel sick. The death drake bites you.
* * * LOW HITPOINT WARNING * * *
The raiju bites you but does no damage.
The raiju bursts into living lightning!
The living lightning hits the raiju.
The raiju completely resists.
The living lightning misses you.
The raiju blinks!
You block the raiju's attack. You block the death drake's attack.
You feel sick.
The death drake bites you but does no damage.
The raiju bites you but does no damage.
The raiju bursts into living lightning!
The living lightning hits you!
* * * LOW HITPOINT WARNING * * *
The living lightning hits the raiju.
The raiju completely resists.
The raiju blinks!
The raiju bites you.
* * * LOW HITPOINT WARNING * * *
The raiju shocks you!
You die...

♣ .♣.♣... ♣# . #
♣..... ## .# ##
.♣♣♣♣.......# .##.# .
.
♣...♣♣..♣####.#..###
# ♣. . .
#............... .
♣....♣.♣............#
♣♣♣♣♣.♣♣♣
♣........#...# ..
♣♣♣...k...#>.#.
.#.♣♣♣♣...§@h...§h..
## . ♣.......h.....#.
♣ ♣ ..♣♣......#....#
#. ♣...........## ♣ ♣
#...........##
#..♣.####..## ##.##
.## . ## .


You could see a death drake and 3 raiju.

Vanquished Creatures
  Gastronok (Lair:3)
  Kirke (Lair:3)
  An orc warlord (Bailey)
  Fannar (D:10)
  4 ogre magi (Orc:2)
  4 hydras
  A catoblepas (Lair:3)
  17 two-headed ogres
  A centaur warrior (D:8)
  6 death yaks
  An orc knight (Bailey)
  An orc sorcerer (Orc:1)
  3 black mambas
  Maurice (D:8)
  A smoke demon (Abyss:2)
  7 cane toads
  3 kobold demonologists (D:10)
  3 rime drakes
  A large abomination (Lair:5)
  A gargoyle (D:5)
  3 komodo dragons
  An ancient zyme (Lair:5)
  3 trolls
  22 blink frogs
  2 tyrant leeches (Lair:3)
  A hornet (D:9)
  A tarantella (Lair:3)
  A raiju (Abyss:2)
  Sigmund (D:5)
  4 wyverns
  A wraith (D:9)
  A shadow (D:10)
  4 hogs (Lair:3)
  Eustachio (D:6)
  2 chaos spawn (Lair:5)
  2 basilisks
  42 yaks
  A ynoxinul (Abyss:2)
  A steam dragon (D:6)
  2 wargs
  2 acid dragons
  8 water moccasins
  Duvessa (D:5)
  14 orc warriors
  20 ogres
  A black bear (Lair:2)
  28 wolves
  8 centaurs
  4 small abominations (Lair:5)
  4 phantoms
  5 kobold brigands
  4 scorpions
  11 bullfrogs
  A necrophage (D:7)
  14 wights
  Dowan (D:5)
  4 hounds
  An iron imp (Abyss:2)
  13 orc priests
  A jelly (D:6)
  3 iguanas
  Ijyb (D:3)
  16 orc wizards
  3 gnolls (Bailey)
  8 adders
  2 white imps
  2 ufetubi
  A worm (D:4)
  A dart slug (D:5)
  36 orcs
  5 endoplasms
  5 giant cockroaches
  12 goblins
  12 hobgoblins
  3 jackals (D:4)
  2 quokkas
  4 ball pythons
  3 bats
  A frilled lizard (D:2)
  25 kobolds
  2 rats
447 creatures vanquished.

Vanquished Creatures (others)
  26 fungi
  19 plants
  2 withered plants (D:7)
47 creatures vanquished.

Grand Total: 494 creatures vanquished

Notes
Turn   | Place    | Note
-------+----------+-------------------------------------------
     0 | D:1      | GigaChad the Minotaur Fighter began the quest for the Orb.
     0 | D:1      | Reached XP level 1. HP: 19/19 MP: 0/0
   457 | D:1      | Reached XP level 2. HP: 23/27 MP: 1/1
  1208 | D:2      | Reached XP level 3. HP: 32/33 MP: 2/2
  1298 | D:2      | Upgraded the game from 0.29.1-13-g9f3cf754e1 to
                  | 0.29.1-15-g9cfb28693d
  1551 | D:3      | Noticed a kobold brigand
  1628 | D:3      | Found a one-way gate to the infinite horrors of the Abyss.
  1628 | D:3      | Noticed javelincjr's ghost (amateur DjCj)
  1633 | D:3      | Found a transporter.
  1733 | D:3      | Found a transporter.
  2018 | D:3      | Found a glowing golden altar of the Shining One.
  2159 | D:3      | Became a worshipper of the Shining One
  2189 | D:3      | Reached XP level 4. HP: 40/40 MP: 3/3
  2297 | D:3      | Noticed Ijyb
  2323 | D:3      | Killed Ijyb
  2573 | D:4      | Noticed a scorpion
  2586 | D:4      | Killed a scorpion
  2587 | D:4      | Reached XP level 5. HP: 47/47 MP: 4/4
  2673 | D:4      | Reached skill level 5 in Axes
  2673 | D:4      | Reached skill level 1 in Dodging
  2807 | D:4      | Found a blossoming altar of Fedhas.
  3061 | D:4      | Reached XP level 6. HP: 53/53 MP: 5/5
  3345 | D:5      | Entered Level 5 of the Dungeon
  3352 | D:5      | Reached skill level 5 in Shields
  3367 | D:5      | Reached skill level 5 in Fighting
  3724 | D:5      | Reached XP level 7. HP: 61/61 MP: 6/6
  3730 | D:5      | Reached skill level 5 in Armour
  3757 | D:5      | Reached * piety under the Shining One
  3788 | D:5      | Found a shimmering blue altar of Sif Muna.
  3977 | D:5      | Found a shadowy altar of Dithmenos.
  4044 | D:5      | Identified the ring "Ruih" {rF+ Str+6 SInv}
  4085 | D:5      | Noticed Duvessa
  4086 | D:5      | Noticed Dowan
  4107 | D:5      | Killed Duvessa
  4108 | D:5      | Reached XP level 8. HP: 51/70 MP: 7/7
  4110 | D:5      | Killed Dowan
  4205 | D:5      | Noticed Sigmund
  4211 | D:5      | Noticed a gargoyle
  4214 | D:5      | Killed Sigmund
  4226 | D:5      | Killed a gargoyle
  4458 | D:5      | Found a staircase to the Ecumenical Temple.
  4472 | Temple   | Entered the Ecumenical Temple
  5309 | D:6      | Found a shimmering altar of Xom.
  5314 | D:6      | Found a shimmering altar of Xom.
  5488 | D:6      | Found Zoschist's Tremendous Tomes.
  5620 | D:6      | Found a snail-covered altar of Cheibriados.
  5683 | D:6      | Reached XP level 9. HP: 63/78 MP: 8/8
  5948 | D:6      | Noticed Eustachio
  5959 | D:6      | Killed Eustachio
  6188 | D:7      | Found a runed translucent gate.
  6303 | D:7      | Reached skill level 5 in Dodging
  6609 | D:7      | Reached skill level 10 in Axes
  6942 | D:7      | Found a runed translucent gate.
  6942 | D:7      | Found a runed translucent gate.
  6943 | D:7      | Noticed Barneous's ghost (novice HuWn)
  6943 | D:7      | Reached ** piety under the Shining One
  6943 | D:7      | Noticed billybob123456's ghost (novice MiMo)
  6943 | D:7      | Noticed bronco's ghost (novice KoAr)
  7092 | D:8      | Noticed Maurice
  7107 | D:8      | Killed Maurice
  7137 | D:8      | Found a radiant altar of Vehumet.
  7140 | D:8      | Noticed a centaur warrior
  7146 | D:8      | Killed a centaur warrior
  7406 | D:8      | Reached XP level 10. HP: 66/88 MP: 9/9
  7587 | D:8      | Found Irius's Distillery.
  7598 | D:8      | Bought a potion of heal wounds for 70 gold pieces
  7598 | D:8      | Bought a potion of resistance for 140 gold pieces
  7598 | D:8      | Bought 2 potions of curing for 84 gold pieces
  7598 | D:8      | Bought a potion of curing for 42 gold pieces
  7602 | D:8      | Identified 2 scrolls of acquirement
  7603 | D:8      | Acquired a +2 pair of boots of stealth
  7605 | D:8      | Acquired the +1 hat of the Planets {rN+ Regen+}
  7691 | D:8      | Found a glowing silver altar of Zin.
  8108 | D:9      | Noticed a two-headed ogre
  8116 | D:9      | Killed a two-headed ogre
  8673 | D:9      | Identified the +3 chain mail "Doimunes" {rPois rF- rC+++
                  | Slay+2}
  9230 | D:10     | Entered Level 10 of the Dungeon
  9230 | D:10     | Found a staircase to the Lair.
  9323 | D:10     | Reached *** piety under the Shining One
  9355 | D:10     | Noticed a smoke demon
  9363 | D:10     | Reached skill level 10 in Fighting
  9363 | D:10     | Reached XP level 11. HP: 89/99 MP: 10/10
  9410 | D:10     | Found a staircase to the Orcish Mines.
  9522 | D:10     | Found a stormy altar of Qazlal.
  9744 | D:10     | Noticed Fannar
  9758 | D:10     | Killed Fannar
  9922 | D:10     | Found a flagged portal.
  9931 | Bailey   | Entered a bailey
  9936 | Bailey   | Noticed an orc warlord
  9979 | Bailey   | Noticed an orc knight
  9996 | Bailey   | Killed an orc knight
 10029 | Bailey   | Found a runed translucent gate.
 10046 | Bailey   | Found a runed translucent gate.
 10047 | Bailey   | Found a runed translucent gate.
 10082 | Bailey   | Reached **** piety under the Shining One
 10293 | Bailey   | Killed an orc warlord
 10473 | Bailey   | Got the Grimoire of Superposition and Black Arts
 10906 | Bailey   | Reached skill level 10 in Shields
 10906 | Bailey   | Reached skill level 1 in Spellcasting
 10906 | Bailey   | Reached XP level 12. HP: 112/112 MP: 10/13
 11156 | Orc:1    | Entered Level 1 of the Orcish Mines
 11282 | Orc:2    | Entered Level 2 of the Orcish Mines
 11490 | Orc:2    | Noticed a two-headed ogre
 11493 | Orc:2    | Noticed a two-headed ogre
 11495 | Orc:2    | Noticed a two-headed ogre
 11504 | Orc:2    | Killed a two-headed ogre
 11509 | Orc:2    | Killed a two-headed ogre
 11510 | Orc:2    | Killed a two-headed ogre
 11511 | Orc:2    | Noticed a two-headed ogre
 11511 | Orc:2    | Noticed an ogre mage
 11518 | Orc:2    | Noticed a two-headed ogre
 11525 | Orc:2    | Killed a two-headed ogre
 11528 | Orc:2    | Killed an ogre mage
 11532 | Orc:2    | Killed a two-headed ogre
 11534 | Orc:2    | Noticed a two-headed ogre
 11544 | Orc:2    | Killed a two-headed ogre
 11545 | Orc:2    | Reached XP level 13. HP: 96/119 MP: 10/14
 11558 | Orc:2    | Reached skill level 10 in Armour
 11566 | Orc:2    | Found a staircase to the Elven Halls.
 12001 | Orc:2    | Reached skill level 10 in Dodging
 12025 | Orc:2    | Reached skill level 15 in Axes
 12027 | Orc:2    | Found Gesaulyo's Antique Armour Shoppe.
 12027 | Orc:2    | Found Ysahy's Book Boutique.
 12120 | Orc:2    | Found Vunause's Antique Armour Boutique.
 12120 | Orc:2    | Found Xaerphanu's Book Emporium.
 12131 | Orc:2    | Bought a runed cloak for 172 gold pieces
 12836 | Lair:1   | Entered Level 1 of the Lair of Beasts
 14116 | Lair:2   | Reached ***** piety under the Shining One
 14913 | Lair:3   | Noticed Kirke
 14927 | Lair:3   | Killed Kirke
 14928 | Lair:3   | Reached XP level 14. HP: 102/133 MP: 10/15
 15068 | Lair:3   | Reached skill level 15 in Fighting
 15194 | Lair:3   | Noticed Gastronok
 15210 | Lair:3   | Killed Gastronok
 15515 | Lair:3   | Found a staircase to the Swamp.
 15656 | Lair:3   | Found a hole to the Spider Nest.
 16979 | Lair:5   | Entered Level 5 of the Lair of Beasts
 17007 | Lair:5   | Found a viscous altar of Jiyva.
 17009 | Lair:5   | Found a staircase to the Slime Pits.
 17134 | Lair:5   | Reached skill level 1 in Invocations
 17160 | Abyss:2  | Cast into level 2 of the Abyss (spriggan)
 17294 | Abyss:2  | HP: 5/137 [raiju (3)]
 17294 | Abyss:2  | Slain by a raiju

Illustrated notes

Levels and vault maps discovered:
D:1:      eino_arrival_cavern_d, layout_loops_corners
D:2:      layout_basic, kennysheep_generic_room_4
D:3:      layout_loops_corners, tso_metal_star, gammafunk_ghost_abyssal_escape,
          uniq_ijyb
D:4:      layout_basic, marbit_many_paths, item_on_display_a
D:5:      layout_basic, nicolae_dithmenos_through_a_glass_darkly,
          old_standard_altar, minmay_temple_entry_mini_moons, uniq_duvessa,
          uniq_sigmund
D:6:      layout_cave_pods, mainiacjoe_overflow_alcove_1, xom_redecorated,
          nicolae_shop_i_like_big_books, nicolae_eternal_life, uniq_eustachio
D:7:      layout_rooms, gammafunk_ghost_cemetery
D:8:      layout_rooms, zin_treasury, nicolae_vehumet_radiance, serial_shops,
          nicolae_shop_hallway_stairs, uniq_maurice
D:9:      kennysheep_spiral_hall, layout_irregular_city, grunt_decor_clamped
D:10:     layout_rooms, grunt_qazlal_sundering, lair_entry_dummy,
          minmay_orc_entry_temple_small, enter_bailey_8, uniq_fannar
Temple:   nicolae_temple_bog_church
Lair:1:   layout_layer_cave, grunt_megastairs_5
Lair:2:   layout_loops_ring
Lair:3:   layout_gridlike, minmay_swamp_entry_worms, spider_nest_entry_rubble,
          uniq_gastronok, uniq_kirke
Lair:4:   layout_small_grid, columned_hall_lemuel
Lair:5:   hellmonk_lair_end_abyssal_woods, layout_misc_corridors, slime_entry_1,
          basic_altar, kennysheep_snail_temple
Orc:1:    layout_diamond_mine, serial_shops, nicolae_shop_trees, basic_altar,
          nicolae_orc_crystal_geode, uniq_nergalle
Orc:2:    st_orc_ogre_mass, layout_diamond_mine
Abyss:2:  base: D:14, hangedman_relentless_pull

Skill      XL: |  1  2  3  4  5  6  7  8  9 10 11 12 13 14 |
---------------+-------------------------------------------+-----
Armour         | 4 5 6 7 8 9 11 | 11.9
Shields        | 4 5 6 8 9 10 11 12 13 | 13.0
Axes           | 3 4 5 6 7 9 10 12 13 14 15 16 | 16.5
Fighting       | 4 5 6 8 10 11 12 14 16 | 16.2
Dodging        | 1 2 3 4 5 7 9 10 11 | 11.6
Spellcasting   | 1 |  1.6
Invocations    | 1 |  1.1

Action                   |  1- 3 |  4- 6 |  7- 9 | 10-12 | 13-15 || total
-------------------------+-------+-------+-------+-------+-------++-------
Melee: War axe           |    78 |    66 |   137 |   269 |   421 ||   971
       Headbutt          |     7 |     6 |    31 |    73 |   138 ||   255
Evoke: Wand              |       |       |       |     1 |       ||     1
  Use: Scroll            |     7 |       |       |    13 |     5 ||    25
       Potion            |       |       |       |     1 |     1 ||     2
Armor: Plate armour      |    64 |    46 |    80 |   145 |   240 ||   575
       Scale mail        |     2 |       |       |       |       ||     2
Dodge: Dodged            |    24 |    33 |    70 |   138 |   221 ||   486
Block: Buckler           |    26 |    16 |    57 |   110 |   177 ||   386
